 Dungeon Crawl Stone Soup version 0.27-a0-920-gb2bd10914a (webtiles) character file.

Game seed: 6664850800047380006

1764 Lanoc the Ruffian (level 8, -1/60 HPs)
             Began as a Grey Draconian Transmuter on Apr 9, 2021.
             Was an Initiate of Hepliaklqana.
             Slain by an orc warrior
             ... wielding a +0 halberd
              (22 damage)
             ... on level 6 of the Dungeon.
             The game lasted 00:09:32 (7074 turns).

Lanoc the Ruffian (Grey Draconian Transmuter)       Turns: 7074, Time: 00:09:33

Health: -1/60      AC: 11    Str: 13    XL:     8   Next: 79%
Magic:  9/11       EV: 13    Int: 16    God:    Hepliaklqana [......]
Gold:   418        SH:  4    Dex: 11    Spells: 8/11 levels left

rFire    . . .     SeeInvis .     - Unarmed
rCold    . . .     Faith    .   c - +0 buckler
rNeg     + . .     Spirit   .   (armour unavailable)
rPois    .         Reflect  .   (helmet currently unavailable)
rElec    .         Harm     .   (no cloak)
rCorr    .         Rampage  .   (no gloves)
Will     .....                  (boots currently unavailable)
Stlth    +.........             (no amulet)
HPRegen  0.20/turn              o - ring of positive energy
MPRegen  0.12/turn              (no ring)

@: appendages, wereblooded
A: horns 2, talons 2, reduced essence, AC +11, unfitting armour, unbreathing 2,
cold-blooded
a: End Transformation, Renounce Religion, Recall Ancestor, Ancestor Identity


You were on level 6 of the Dungeon.
You worshipped Hepliaklqana.
Hepliaklqana was noncommittal.
You had temporarily grown beastly horns and talons.
You visited 1 branch of the dungeon, and saw 6 of its levels.

You collected 418 gold pieces.

Inventory:

Missiles
 s - 3 curare-tipped darts
Armour
 c - a +0 buckler (worn)
Jewellery
 o - a ring of positive energy (left hand)
Wands
 l - a wand of acid (1)
 p - a wand of random effects (9)
Scrolls
 a - a scroll of identify {unknown}
 b - 3 scrolls of enchant weapon {unknown}
 d - a scroll of holy word {unknown}
 g - a scroll of silence {unknown}
 h - a scroll of fog {unknown}
 i - 2 scrolls of enchant armour {unknown}
 n - a scroll of vulnerability {unknown}
 q - a scroll of blinking {unknown}
 r - a scroll of noise {unknown}
Potions
 e - a potion of haste {unknown}
 f - a potion of brilliance {unknown}
 j - 2 potions of cancellation {unknown}
 k - 2 potions of flight {unknown}
 m - a potion of mutation {unknown}


   Skills:
 + Level 4.7 Fighting
 + Level 4.2 Dodging
 + Level 3.8 Shields
 * Level 6.8 Unarmed Combat
 - Level 2.0 Spellcasting
 * Level 6.3 Transmutations


You had 8 spell levels left.
You knew the following spells:

 Your Spells              Type           Power      Damage    Failure   Level
g - Wereblood             Tmut           22%        N/A       2%          2
h - Beastly Appendage     Tmut           44%        N/A       1%          1

Your spell library contained the following spells:

 Spells                   Type           Power      Damage    Failure   Level
 Spider Form              Tmut/Pois      5%         N/A       17%         3
 Hydra Form               Tmut           11%        N/A       38%         5
 Ice Form                 Ice/Tmut       11%        N/A       50%         4
 Petrify                  Tmut/Erth      11%        N/A       50%         4
 Confusing Touch          Hex            1%         N/A       52%         3
 Gell's Gravitas          Tloc           0%         N/A       52%         3
 Yara's Violent Unravell  Hex/Tmut       5%         3d4       83%         5
 Metabolic Englaciation   Hex/Ice        0%         N/A       99%         5


Dungeon Overview and Level Annotations

Branches:
Dungeon (6/15)
 Temple: D:4-7

Altars:
Dithmenos
Hepliaklqana
Qazlal
Sif Muna
Xom
Zin
The Shining One

Shops:
D:1 ?

Annotations:
D:2 1 runed translucent door, Crazy Yiuf, Sigmund


Innate Abilities, Weirdness & Mutations

You have temporarily grown beastly horns and talons.
Your life essence is reduced to manifest your ancestor. (-10% HP)
Your dull iron-grey scales are very hard. (AC +11)
You cannot fit into any form of body armour.
You can survive without breathing, even under water.
You are cold-blooded and may be slowed by cold attacks.


Message History

You claw the orc warrior, but do no damage.
You headbutt the orc warrior.
The orc warrior is moderately wounded.
The orc hits you with a +0 flail! The orc warrior completely misses you.
Rabi hits the orc.
You closely miss the orc. You claw the orc. Your headbutt misses the orc.
You tail-slap the orc.
The orc is severely wounded.
The orc hits you but does no damage. You block the orc warrior's attack.
Rabi hits the orc.
The orc dies!
You closely miss the orc warrior.
You claw the orc warrior, but do no damage.
The orc warrior is moderately wounded.
You block the orc warrior's attack.
You hit the orc warrior.
You claw the orc warrior, but do no damage.
The orc warrior is heavily wounded.
You howl as the wereblood boils in your veins!
Your horns disappear.
Your talons disappear.
The orc warrior hits you but does no damage.
You hit the orc warrior but do no damage.
The orc warrior is heavily wounded.
Rabi misses the orc warrior.
You hit the orc warrior.
The orc warrior is severely wounded.
You block the orc warrior's attack.
Rabi closely misses the orc warrior.
You hit the orc warrior.
The orc warrior is severely wounded.
The orc warrior misses you.
Rabi completely misses the orc warrior.
You hit the orc warrior but do no damage.
The orc warrior is severely wounded.
The orc warrior hits you with a +0 halberd.
Rabi hits the orc warrior but does no damage.
Casting: Wereblood (safe; 2% risk of failure)
Confirm with . or Enter, or press ? or * to list all spells.
You grow a pair of large bovine horns.
Your feet morph into talons.
You howl as the wereblood boils in your veins!
The orc warrior hits you with a +0 halberd!!
You die...

#.....#.........................
#.....#.).##...##...............
###'###...##...##............##+
#....##...##....#............#
#.....#....'....#............#
#.....#...R#....#...##.......#
##....#....#....#...##########
##...##...###'###....
#....###'##....@##+##
#.........#...)Ro....#
#.........#..........#
#.........#............
##...##...#............
##...##...#............
#.)..##...#.....#####..
##...##...#.....+ .. #...'....#


You could see the friendly Rabi the ancestor and an orc warrior (ally target).

Vanquished Creatures
  Grinder (D:5)
  A water moccasin (D:5)
  3 ogres
  An ice beast (D:6)
  A necrophage (D:5)
  A phantom (D:6)
  Blork the orc (D:5)
  2 bullfrogs (D:6)
  2 scorpions
  2 howler monkeys
  A jelly (D:6)
  2 hounds (D:5)
  A centaur skeleton (D:5)
  2 orc priests (D:6)
  Jessica (D:2)
  Ijyb (D:5)
  4 iguanas
  A hound skeleton (D:4)
  A howler monkey zombie (D:5)
  3 gnolls (D:4)
  An adder (D:6)
  A worm (D:2)
  2 dart slugs (D:2)
  5 orcs
  10 ball pythons
  4 endoplasms
  2 giant cockroaches
  16 goblins
  6 hobgoblins
  6 jackals
  6 quokkas
  2 bats (D:1)
  8 kobolds
  9 rats
110 creatures vanquished.

Vanquished Creatures (collateral kills)
  A hound (D:6)
  2 orc wizards (D:6)
  A shadow imp (D:6)
  A white imp (D:6)
  2 orcs (D:6)
7 creatures vanquished.

Vanquished Creatures (others)
  3 plants (D:5)
3 creatures vanquished.

Grand Total: 120 creatures vanquished

Notes
Turn   | Place    | Note
-------+----------+-------------------------------------------
     0 | D:1      | Lanoc the Draconian Transmuter began the quest for the Orb.
     0 | D:1      | Reached XP level 1. HP: 16/16 MP: 3/3
   226 | D:1      | Found Zoizabox's Magic Scroll Shop.
   353 | D:1      | Reached XP level 2. HP: 19/23 MP: 3/5
   356 | D:1      | Learned a level 2 spell: Wereblood
  1433 | D:2      | Noticed Jessica
  1705 | D:2      | Reached XP level 3. HP: 23/28 MP: 2/6
  1710 | D:2      | Killed Jessica
  1978 | D:2      | Noticed Sigmund
  2038 | D:2      | Reached XP level 4. HP: 29/36 MP: 3/7
  2123 | D:2      | Found a runed translucent door.
  2150 | D:2      | Noticed Crazy Yiuf
  2457 | D:3      | Reached skill level 1 in Shields
  2612 | D:3      | Found a shadowy altar of Dithmenos.
  3226 | D:3      | Found a stormy altar of Qazlal.
  3632 | D:4      | Found a glowing golden altar of the Shining One.
  3709 | D:4      | Noticed a scorpion
  3717 | D:4      | Killed a scorpion
  3718 | D:4      | Reached XP level 5. HP: 33/42 MP: 6/8
  4043 | D:4      | Noticed an ogre
  4117 | D:5      | Entered Level 5 of the Dungeon
  4311 | D:5      | Noticed Ijyb
  4323 | D:5      | Reached XP level 6. HP: 39/50 MP: 6/9
  4496 | D:5      | Noticed Grinder
  4522 | D:5      | Killed Grinder
  4523 | D:5      | Reached skill level 5 in Unarmed Combat
  4523 | D:5      | Your scales start taking on a dull iron-grey colour.
  4523 | D:5      | Reached XP level 7. HP: 26/57 MP: 10/10
  4523 | D:5      | Gained mutation: You can survive without breathing. [Grey
                  | Draconian growth]
  4523 | D:5      | Gained mutation: You can survive without breathing, even
                  | under water. [Grey Draconian growth]
  5349 | D:4      | Reached skill level 5 in Transmutations
  5570 | D:5      | Found a glowing silver altar of Zin.
  5649 | D:5      | Noticed Blork the orc
  5663 | D:5      | Killed Blork the orc
  5671 | D:5      | Reached XP level 8. HP: 45/66 MP: 9/11
  5812 | D:5      | Killed Ijyb
  6099 | D:5      | Found a shimmering blue altar of Sif Muna.
  6253 | D:5      | Found a hazy altar of Hepliaklqana.
  6284 | D:5      | Became a worshipper of Hepliaklqana the Forgotten
  6581 | D:6      | Found a shimmering altar of Xom.
  7074 | D:6      | Slain by an orc warrior

Illustrated notes

Levels and vault maps discovered:
D:1:      onia_arrival_mini_maze, layout_loops_cross, serial_shops, shop
D:2:      layout_basic, grunt_decor_mini_mirrors, minivault_5, uniq_sigmund,
          uniq_jessica, uniq_crazy_yiuf_cottage
D:3:      layout_basic, lemuel_doored_altar, amcnicky_altar_gilded
D:4:      minmay_inner_zag, layout_loops_ring, lemuel_tele_altar,
          minmay_misc_feat_plants, st_stairs_11, minmay_strange_pillars,
          minmay_ogre_servants
D:5:      layout_basic, nicolae_hepliaklqana_hazy_memory, kennysheep_little_box,
          zin_statuary, uniq_blork_the_orc, uniq_grinder, uniq_ijyb
D:6:      layout_gridville, kennysheep_mini_moat

Skill      XL: |  1  2  3  4  5  6  7  8 |
---------------+-------------------------+-----
Dodging        | 2 3 4 |  4.2
Fighting       | 2 3 4 |  4.7
Shields        | 1 2 3 |  3.8
Transmutations | 3 4 5 6 |  6.3
Unarmed Combat | 4 5 6 |  6.8
Spellcasting   | |  2.0

Action                   |  1- 3 |  4- 6 |  7- 9 || total
-------------------------+-------+-------+-------++-------
Melee: Unarmed           |    83 |   138 |   196 ||   417
       Kick              |    15 |    29 |    45 ||    89
       Headbutt          |     8 |    16 |    28 ||    52
       Tailslap          |     7 |     9 |    24 ||    40
 Cast: Beastly Appendage |    19 |    17 |    26 ||    62
       Wereblood         |     3 |     4 |     7 ||    14
 Stab: Sleeping          |       |     1 |     1 ||     2
Armor: Skin              |    18 |    32 |    55 ||   105
Dodge: Dodged            |    53 |    68 |    89 ||   210
Block: Buckler           |     4 |    16 |    31 ||    51

Table legend: (Time is in decaauts)
 A = Elapsed time spent in this place.
 B = Non-inter-level travel time spent in this place.
 C = Inter-level travel time spent in this place.
 D = Time resting spent in this place.
 E = Time spent auto-exploring this place.
 F = Levels seen in this place.
 G = Mean time per level.
                   A        B        C        D        E       F      G
               +--------+--------+--------+--------+--------+-----+--------+
         Total |   7056 |   6821 |    235 |    410 |   5393 |   6 | 1176.0 |
       Dungeon |   7056 |   6821 |    235 |    410 |   5393 |   6 | 1176.0 |
               +--------+--------+--------+--------+--------+-----+--------+

Top non-repeatable levels by time:
     D:5: 1667 daAuts
     D:3: 1435 daAuts
     D:4: 1254 daAuts
     D:1: 1134 daAuts
     D:2: 930 daAuts
     D:6: 633 daAuts
